 Dungeon Crawl Stone Soup version 0.30-a0-170-g85af917532 (webtiles) character file.

Game seed: 1281822581736245276

58 Decritt the Magician (level 4, -2/34 HPs)
             Began as a Djinni Conjurer on Oct 1, 2022.
             Slain by a phantom (3 damage)
             ... on level 5 of the Dungeon.
             The game lasted 00:03:34 (2708 turns).

Decritt the Magician (Djinni Conjurer)              Turns: 2708, Time: 00:03:34

Health: -2/34      AC:  2    Str:  6    XL:     4   Next: 20%
Gold:   165        EV: 12    Int: 21    God:
                   SH:  0    Dex: 12

rFire   + + .      SeeInvis .    (no weapon)
rCold   x . .      Faith    .    (no shield)
rNeg    . . .      Spirit   .    a - +0 robe
rPois   ∞          Reflect  .    (no helmet)
rElec   .          Harm     .    (no cloak)
rCorr   .          Rampage  .    (no gloves)
Will    .....                    (boots unavailable)
Stlth   ++........               (no amulet)
HPRegen 0.11/turn                i - ring of wizardry
MPRegen 0.00/turn                (no ring)

@: flying
A: sickness immunity, fire resistance 2, cold vulnerability 1, float, innate
caster, HP casting, extra vitality 1
a: no special abilities


You were on level 5 of the Dungeon.
You visited 1 branch of the dungeon, and saw 5 of its levels.

You collected 165 gold pieces.

Inventory:

Armour
 a - a +0 robe (worn)
Jewellery
 i - a ring of wizardry (left hand)
Scrolls
 b - a scroll of noise {unknown}
 c - a scroll of torment {unknown}
 d - a scroll of fear {unknown}
 f - 5 scrolls of teleportation {unknown}
 g - 5 scrolls of identify {unknown}
 j - 2 scrolls of magic mapping {unknown}
 k - a scroll of enchant armour {unknown}
 l - a scroll of vulnerability {unknown}
 n - 2 scrolls of immolation {unknown}
Potions
 e - a potion of degeneration {unknown}
 h - a potion of mutation {unknown}
 m - a potion of lignification {unknown}


   Skills:
 + Level 2.3 Fighting
 - Level 2.1 Dodging
 - Level 1.5 Stealth
 + Level 3.8 Spellcasting


You couldn't memorise any spells.
You knew the following spells:

 Your Spells              Type           Power      Damage    Failure   Level
a - Sting                 Tmut/Pois      80%        1d7       1%          1
b - Searing Ray           Conj           40%        2d5       1%          2
c - Fulminant Prism       Conj/Hex       10%        3d9       11%         4
d - Dazzling Flash        Conj/Hex       40%        N/A       3%          3
e - Iskenderun's Mystic   Conj/Tloc      20%        2d6       11%         4
f - Magic Dart            Conj           80%        1d7       1%          1
Your spell library was empty.

Dungeon Overview and Level Annotations

Branches:
Dungeon (6/15)
 Temple: D:4-7

Altars:


Innate Abilities, Weirdness & Mutations

You are immune to sickness and miasma.
You are immune to poison.
Your flesh is very heat resistant. (rF++)
You are vulnerable to cold. (rC-)
You float through the air rather than walking.
You learn spells naturally, not from books.
Your magical power is your life essence.
You have superior vitality. (+4 MHP)


Message History

The phantom hits you.
The phantom blinks!
You blink.
The phantom hits you.
* * * LOW HITPOINT WARNING * * *
The phantom blinks!
You blink.
Found a robe.
Casting: Searing Ray (safe; 1% risk of failure)
Confirm with . or Enter, or press ? or * to list all spells.
Aiming: Searing Ray (safe; 1% risk of failure)
Press: ? - help, Shift-Dir - straight line, f/p - phantom
Aim: a phantom (heavily damaged, 69% to hit)
The searing ray hits the phantom.
The phantom is heavily damaged. (Press . to maintain the ray.)
* * * LOW HITPOINT WARNING * * *
The phantom hits you.
* * * LOW HITPOINT WARNING * * *
The searing ray misses the phantom.
* * * LOW HITPOINT WARNING * * *
The phantom hits you.
* * * LOW HITPOINT WARNING * * *
The phantom blinks!
You blink.
Found 5 gold pieces.
Found a stone staircase leading up.
Okay, then.
Casting: Searing Ray (safe; 1% risk of failure)
Confirm with . or Enter, or press ? or * to list all spells.
Okay, then.
Okay, then.
Casting: Searing Ray (safe; 1% risk of failure)
Confirm with . or Enter, or press ? or * to list all spells.
Aiming: Searing Ray (safe; 1% risk of failure)
Press: ? - help, Shift-Dir - straight line, f/p - phantom
Aim: a phantom (heavily damaged, 69% to hit)
The searing ray hits the phantom.
The phantom is severely damaged. (Press . to maintain the ray.)
* * * LOW HITPOINT WARNING * * *
The phantom hits you.
* * * LOW HITPOINT WARNING * * *
Without enough magic to sustain it, your searing ray dissipates.
The phantom hits you.
You die...

#.< .## #..
###...
#..###.....#
#........$
#...>....###
##......#....
#.........#
+....@..#
###...W.#...#
........# #....
... ####....#
#.. ... #)...>#
.
....####....##..
................
...###§...#
...#....#


You could see a phantom.

Vanquished Creatures
  3 adders (D:2)
  An ufetubus (D:5)
  3 endoplasms
  5 hobgoblins (D:1)
  2 kobolds (D:1)
  2 ball pythons
  4 bats (D:1)
  A frilled lizard (D:1)
  3 goblins (D:1)
  2 rats
26 creatures vanquished.

Notes
Turn   | Place    | Note
-------+----------+-------------------------------------------
     0 | D:1      | Decritt the Djinni Conjurer began the quest for the Orb.
     0 | D:1      | Decritt set off with the following spells memorised: Magic
                  | Dart, Searing Ray, Dazzling Flash, Fulminant Prism,
                  | Iskenderun's Mystic Blast.
     0 | D:1      | Reached XP level 1. HP: 15/15 MP: 0/0
   404 | D:1      | Reached skill level 1 in Fighting
   404 | D:1      | Reached XP level 2. HP: 20/22 MP: 0/0
  1517 | D:1      | Reached XP level 3. HP: 22/27 MP: 0/0
  1517 | D:1      | Learned a level 1 spell: Sting
  2010 | D:2      | Reached XP level 4. HP: 30/33 MP: 0/0
  2238 | D:2      | Found a faded altar of an unknown god.
  2691 | D:3      | You are sucked into a shaft and drop 3 floors!
  2696 | D:5      | Entered Level 5 of the Dungeon
  2701 | D:5      | Noticed a phantom
  2707 | D:5      | HP: 1/34 [phantom (3)]
  2708 | D:5      | Slain by a phantom

Illustrated notes

Levels and vault maps discovered:
D:1:      dpeg_arrival_rhombi, layout_basic, chequers_serial_rivers_large_b
D:2:      layout_loops_corners, hellmonk_ecumenical_altar_slurped_away
D:3:      layout_rooms, general_overflow_altar
D:5:      cheibrodos_two_vegetables, layout_rooms
D:6:      layout_gridville, dilly_guarded_unrand_throatcut, uniq_maggie,
          uniq_menkaure

Skill      XL: |  1  2  3 |
---------------+----------+-----
Fighting       | 1 2 |  2.3
Dodging        | |  2.1
Stealth        | |  1.5
Spellcasting   | |  3.8

Action                   |  1- 3 |  4- 6 || total
-------------------------+-------+-------++-------
Melee: Unarmed           |     1 |       ||     1
 Cast: Magic Dart        |    35 |     4 ||    39
       Searing Ray       |     2 |     3 ||     5
       Sting             |     7 |     6 ||    13
Armor: Robe              |     2 |     1 ||     3
Dodge: Dodged            |     3 |     4 ||     7

Table legend: (Time is in decaauts)
 A = Elapsed time spent in this place.
 B = Non-inter-level travel time spent in this place.
 C = Inter-level travel time spent in this place.
 D = Time resting spent in this place.
 E = Time spent auto-exploring this place.
 F = Levels seen in this place.
 G = Mean time per level.
                   A        B        C        D        E       F      G
               +--------+--------+--------+--------+--------+-----+--------+
         Total |   2706 |   2616 |     90 |    229 |   2254 |   5 |  541.2 |
       Dungeon |   2706 |   2616 |     90 |    229 |   2254 |   5 |  541.2 |
               +--------+--------+--------+--------+--------+-----+--------+

Top non-repeatable levels by time:
     D:1: 1600 daAuts
     D:2: 1008 daAuts
     D:3: 80 daAuts
     D:5: 11 daAuts
     D:6: 4 daAuts
